 Dungeon Crawl Stone Soup version 0.28-b1-78-gc65acfa365 (webtiles) character file.

Game seed: 583745981505600971

51515 Leshista the Ogre Mage (level 14, -2/135 HPs)
             Began as an Ogre Fire Elementalist on Feb 2, 2022.
             Was a Priest of Qazlal.
             Slain by Donald (4 damage)
             ... on level 1 of the Orcish Mines on Feb 4, 2022.
             The game lasted 02:57:36 (27505 turns).

Leshista the Ogre Mage (Ogre Fire Elementalist)    Turns: 27505, Time: 02:57:37

Health: -2/135     AC:  9    Str: 14 (15) XL:     14   Next: 60%
Magic:  4/32       EV: 12    Int: 26      God:    Qazlal [***...]
Gold:   2199       SH:  8    Dex: 14 (15) Spells: 0/41 levels left

rFire   . . .      SeeInvis .   b - +7 staff of the Meek {protect, meekguard}
rCold   . . .      Faith    +   (shield currently unavailable)
rNeg    . . .      Spirit   .   m - +5 robe "Tuj Mirgh" {Harm}
rPois   .          Reflect  .   (helmet restricted)
rElec   .          Harm     +   G - +0 cloak
rCorr   .          Rampage  .   (gloves unavailable)
Will    +....                   (boots unavailable)
Stlth   +.........              y - amulet of faith
HPRegen 0.32/turn               t - ring "Miawalim" {Int+2 Dex+6}
MPRegen 0.23/turn               x - +6 ring of intelligence

@: no status effects
A: large, unfitting armour, tough skin 1, large bone plates 1, deterioration 1,
dopey 1
a: Renounce Religion, Upheaval, Elemental Force


You were on level 1 of the Orcish Mines.
You worshipped Qazlal.
Qazlal was most pleased with you.
You visited 5 branches of the dungeon, and saw 21 of its levels.

You collected 2199 gold pieces.

Inventory:

Hand Weapons
 b - the +7 staff of the Meek (weapon) {protect, meekguard}
   (You found it on level 3 of the Dungeon)

   It grants its wielder temporary protection when it strikes (+7 to AC).
   It provides extra protection to wielders with little health.
 U - a +5 trident of distortion
Missiles
 c - a boomerang of dispersal
 e - 39 poisoned darts
 h - 15 boomerangs
 r - 3 datura-tipped darts
 v - a curare-tipped dart (quivered)
 z - 4 throwing nets
Armour
 a - +0 acid dragon scales
 m - the +5 robe "Tuj Mirgh" (worn) {Harm}
   (You found it on level 3 of the Dungeon)

   Harm:      It increases damage dealt and taken.
 B - +0 steam dragon scales
 G - a +0 cloak (worn)
 L - a +0 troll leather armour
Magical Staves
 I - a staff of cold
 J - a staff of death
Jewellery
 f - an amulet of the acrobat
 g - an amulet of the acrobat
 i - a +4 ring of evasion
 p - an amulet of the acrobat
 t - the ring "Miawalim" (left hand) {Int+2 Dex+6}
   (You acquired it on level 9 of the Dungeon)

   [ring of dexterity]

   Int:       It affects your intelligence (+2).
   Dex:       It affects your dexterity (+6).
 w - a ring of ice
 x - a +6 ring of intelligence (right hand)
 y - an amulet of faith (around neck)
 H - a ring of flight
 K - a +6 ring of intelligence
 P - a +6 ring of intelligence
 Q - a ring of poison resistance
 V - a ring of ice
Wands
 n - a wand of acid (24)
 q - a wand of paralysis (5)
 s - a wand of iceblast (24)
 C - a wand of flame (12)
 E - a wand of polymorph (4)
 N - a wand of digging (2)
Scrolls
 d - a scroll of silence {unknown}
 j - 5 scrolls of enchant weapon
 o - 3 scrolls of immolation
 u - 4 scrolls of vulnerability
 F - a scroll of magic mapping
 O - a scroll of fog
Potions
 k - a potion of lignification
 l - a potion of cancellation
 A - 2 potions of flight
 M - a potion of might
 R - 2 potions of brilliance
 S - a potion of berserk rage
 W - 3 potions of curing
 X - a potion of magic
Miscellaneous
 D - a tin of tremorstones (2/2)
 T - a phantom mirror


   Skills:
 + Level 7.9 Fighting
 - Level 0.5 Staves
 + Level 6.6 Dodging
 - Level 1.4 Stealth
 * Level 14.3 Spellcasting
 * Level 8.9 Conjurations
 + Level 1.2 Summonings
 * Level 7.8 Necromancy
 * Level 8.5 Fire Magic
 * Level 8.0 Earth Magic
 * Level 9.5 Invocations


You couldn't memorise any spells.
You knew the following spells:

 Your Spells              Type           Power      Damage    Failure   Level
a - Foxfire               Conj/Fire      100%       2x1d9     1%          1
b - Animate Skeleton      Necr           100%       N/A       1%          1
c - Scorch                Fire           100%       2d10      1%          2
d - Fireball              Conj/Fire      29%        3d13      2%          5
e - Stone Arrow           Conj/Erth      100%       3d13      1%          3
f - Flame Wave            Conj/Fire      59%        2d11      1%          4
g - Vampiric Draining     Necr           56%        2d10      1%          3
h - Agony                 Necr           56%        N/A       3%          5
i - Fulminant Prism       Conj/Hex       20%        3d13      4%          4
j - Iron Shot             Conj/Erth      29%        9d6       14%         6
k - Iskenderun's Battles  Conj           60%        2d11      2%          5
l - Sublimation of Blood  Necr           56%        N/A       1%          2

Your spell library contained the following spells:

 Spells                   Type           Power      Damage    Failure   Level
 Magic Dart               Conj           100%       1d8       1%          1
 Summon Small Mammal      Summ           100%       N/A       1%          1
 Searing Ray              Conj           100%       2d8       1%          2
 Conjure Flame            Conj/Fire      59%        6-21      1%          3
 Dazzling Flash           Conj/Hex       82%        N/A       1%          3
 Inner Flame              Hex/Fire       40%        N/A       1%          3
 Ignite Poison            Fire/Tmut/Pois 33%        N/A       2%          3
 Apportation              Tloc           36%        N/A       3%          1
 Slow                     Hex            72%        N/A       3%          1
 Wereblood                Tmut           18%        N/A       4%          2
 Animate Armour           Summ/Erth      84%        N/A       4%          4
 Call Canine Familiar     Summ           25%        N/A       5%          3
 Summon Guardian Golem    Hex/Summ       21%        N/A       7%          3
 Confusing Touch          Hex            18%        N/A       9%          3
 Orb of Destruction       Conj           30%        9d10      54%         7
 Conjure Ball Lightning   Conj/Air       20%        3x3d6     58%         6
 Blade Hands              Tmut           9%         N/A       63%         5
 Silence                  Hex/Air        9%         N/A       63%         5
 Lehudib's Crystal Spear  Conj/Erth      29%        10d8      99%         8
 Summon Hydra             Summ           12%        N/A       100%        7


Dungeon Overview and Level Annotations

Branches:
Dungeon (12/15)            Temple (1/1) D:6            Lair (4/6) D:10
 Shoals (2/4) Lair:2        Snake (0/4) Lair:3          Orc (2/2) D:12
    Elf: Orc:2

Altars:
Ashenzari
Cheibriados
Dithmenos
Elyvilon
Fedhas
Gozag
Hepliaklqana
Kikubaaqudgha
Makhleb
Nemelex Xobeh
Okawaru
Qazlal
Ru
Sif Muna
Trog
Uskayaw
Vehumet
Wu Jian
Xom
Yredelemnul
Zin
The Shining One

Shops:
D:4 *

Annotations:
Shoals:2 1 runed translucent door and HEH in there, Heh's ghost, adept DsGl
Orc:1 Donald


Innate Abilities, Weirdness & Mutations

You are too large for most types of armour.
You have tough skin. (AC +1)
You are partially covered in large bone plates. (SH +4)
Your body sometimes deteriorates upon taking damage.
You are dopey. (Int -2)


Message History

Donald barely misses you.
Donald blocks your fire elemental's attack.
Donald gestures wildly while chanting.
Donald seems to grow stronger.
You climb upwards.
Your summoned ally is left behind.
Your battlesphere wavers and loses cohesion.
There is a stone staircase leading down here.
Hit: b) +7 staff of the Meek {protect, meekguard}
Press: ? - help, Dir - move target, f - Donald
Aim: Donald, wielding a +1 demon trident of freezing, wearing a +0 chain mail and wearing a +0 kite shield of reflection (heavily wounded, fast, strong, about 22% to evade the +7 staff of the Meek)
Okay, then.
Casting: Scorch (safe; 1% risk of failure)
Confirm with . or Enter, or press ? or * to list all spells.
Aiming: Agony (dangerous; 3% risk of failure)
Press: ? - help, Shift-Dir - straight line, f - Donald
Aim: Donald, wielding a +1 demon trident of freezing, wearing a +0 chain mail and wearing a +0 kite shield of reflection (heavily wounded, fast, strong, chance to affect: 60%) Donald convulses!
Donald hits you with a +1 demon trident of freezing!!
Donald freezes you!
* * * LOW HITPOINT WARNING * * *
Okay, then.
Okay, then.
Casting: Agony (dangerous; 3% risk of failure)
Confirm with . or Enter, or press ? or * to list all spells.
Okay, then.
Activating: Elemental Force (1% risk of failure)
Press: ? - help, Dir - look around, f - activate Clouds arounds you coalesce and take form!
Donald says, "My feet hurt."
You block Donald's attack.
Donald hits you with a +1 demon trident of freezing!
* * * LOW HITPOINT WARNING * * *
Donald freezes you.
* * * LOW HITPOINT WARNING * * *
Donald says, "This is such a pointless quest."
Donald hits you from afar with a +1 demon trident of freezing!
* * * LOW HITPOINT WARNING * * *
Your body deteriorates!
You feel clumsy. Donald freezes you.
You die...

##...#.# ##....#
##......###.....###
##.................#
#.....#.......#.....
###...####.....###....
#.#...## #....####....
##....@###....#.##....
##.#E>##............#
###@.........>.....#
#.......#....^..##
##.......#...#....#
##....##..#...#.....
###.....##......#.....
#.^...######...###)...
###...#.#.......#.)...
#.........#......).#
##........#......)##


You could see Donald (fast, strong, ally target) and a friendly water elemental
(summoned).

Vanquished Creatures
  Josephine (D:12)
  2 merfolk impalers
  Fannar (D:12)
  2 hydras
  A merfolk aquamancer (Shoals:2)
  A death yak (Lair:3)
  4 two-headed ogres
  2 sea snakes (Shoals:2)
  Pikel (D:8)
  A wizard (D:10)
  3 harpies (Shoals:2)
  A wolf spider (D:12)
  2 ugly things
  4 fauns (Shoals:2)
  2 cyclopes (D:12)
  3 manticores (Shoals:2)
  5 large abominations (D:10)
  2 merfolk sirens
  4 black mambas
  A water nymph (Shoals:2)
  A torpor snail (Lair:3)
  9 cane toads
  Maggie (D:8)
  7 komodo dragons
  A rime drake (Lair:2)
  6 trolls
  10 merfolk
  A polar bear (Lair:4)
  14 blink frogs (Lair:3)
  Grinder (D:6)
  A snapping turtle (Shoals:1)
  2 shadows (D:12)
  6 water elementals
  24 yaks
  Sigmund (D:6)
  10 wraiths
  6 wyverns
  3 basilisks
  7 small abominations (D:10)
  2 steam dragons
  5 nagas (Lair:3)
  18 water moccasins
  An acid dragon (D:11)
  An ice beast (D:7)
  A black bear (Lair:2)
  13 orc warriors
  A necrophage (D:5)
  6 wolves (Lair:3)
  2 centaurs
  5 ogres
  A phantom (D:6)
  2 lemures (D:8)
  4 kobold brigands
  12 bullfrogs
  4 gnoll sergeants (D:12)
  A wyvern skeleton (D:7)
  6 killer bees (D:11)
  A water moccasin skeleton (D:4)
  6 wights
  8 electric eels
  3 howler monkeys
  5 centaur zombies
  A bullfrog zombie (D:4)
  A centaur skeleton (D:7)
  3 hounds
  A jelly (D:5)
  6 orc priests
  Terence (D:3)
  4 iguanas
  16 orc wizards
  2 hell rats (D:7)
  A killer bee zombie (D:6)
  A hound skeleton (D:5)
  A mummy (D:6)
  A howler monkey zombie (D:9)
  7 gnolls
  4 adders
  8 river rats (D:7)
  A shadow imp (D:6)
  An adder skeleton (D:4)
  A worm (D:2)
  4 dart slugs
  40 orcs
  6 endoplasms
  4 giant cockroaches
  13 goblins
  7 hobgoblins
  5 jackals
  11 quokkas
  5 ball pythons
  5 bats
  5 frilled lizards
  19 kobolds
  3 kobold zombies (D:6)
  An orc zombie (D:6)
  24 rats
475 creatures vanquished.

Vanquished Creatures (collateral kills)
  A hydra (Lair:3)
  A death yak (Lair:3)
  A cyclops (D:11)
  A komodo dragon (Lair:3)
  4 yaks (Lair:3)
  3 nagas (Lair:3)
  A crimson imp (D:12)
  A white imp (D:12)
  A dart slug (D:2)
  An endoplasm (D:1)
  A goblin (D:2)
  A hobgoblin (D:1)
17 creatures vanquished.

Vanquished Creatures (others)
  31 foxfires
  2 fulminant prisms
  10 fungi
  73 plants
116 creatures vanquished.

Grand Total: 608 creatures vanquished

Notes
Turn   | Place    | Note
-------+----------+-------------------------------------------
     0 | D:1      | Leshista the Ogre Fire Elementalist began the quest for the
                  | Orb.
     0 | D:1      | Reached XP level 1. HP: 16/16 MP: 3/3
   117 | D:1      | Reached XP level 2. HP: 23/24 MP: 5/5
   221 | D:1      | Learned a level 1 spell: Animate Skeleton
   224 | D:1      | Learned a level 2 spell: Scorch
   258 | D:1      | Reached skill level 1 in Conjurations
   581 | D:1      | Reached XP level 3. HP: 8/31 MP: 1/7
  1313 | D:1      | Learned a level 3 spell: Conjure Flame
  1649 | D:2      | Reached skill level 3 in Spellcasting
  2146 | D:2      | Reached XP level 4. HP: 40/40 MP: 8/8
  2272 | D:2      | Reached skill level 1 in Fighting
  2708 | D:3      | Identified the +5 robe "Tuj Mirgh" {Harm}
  2763 | D:3      | Found a blossoming altar of Fedhas.
  2790 | D:3      | Noticed Terence
  2812 | D:3      | Killed Terence
  2813 | D:3      | Reached skill level 1 in Necromancy
  2999 | D:3      | Learned a level 3 spell: Stone Arrow
  3168 | D:3      | Found a stormy altar of Qazlal.
  3181 | D:3      | Became a worshipper of Qazlal Stormbringer
  3249 | D:3      | Reached XP level 5. HP: 48/48 MP: 3/10
  3486 | D:3      | Found the +7 staff of the Meek {protect, meekguard}
  3846 | D:4      | Found Qoergh's Lightly-Used Armoury.
  3879 | D:4      | Reached skill level 4 in Spellcasting
  3985 | D:4      | Reached skill level 1 in Invocations
  3985 | D:4      | Reached XP level 6. HP: 55/55 MP: 12/12
  4496 | D:5      | Entered Level 5 of the Dungeon
  4503 | D:5      | Reached skill level 1 in Earth Magic
  4709 | D:5      | Noticed a necrophage
  4717 | D:5      | Killed a necrophage
  4718 | D:5      | Reached XP level 7. HP: 65/65 MP: 13/13
  4724 | D:5      | Learned a level 4 spell: Flame Wave
  4731 | D:5      | Reached * piety under Qazlal
  5201 | D:6      | Noticed Sigmund
  5207 | D:6      | Killed Sigmund
  5208 | D:6      | Reached skill level 5 in Spellcasting
  5451 | D:6      | Reached XP level 8. HP: 74/74 MP: 15/15
  5797 | D:6      | Noticed Grinder
  5808 | D:6      | Paralysed by Grinder for 7 turns
  5816 | D:6      | Paralysed by Grinder for 3 turns
  5826 | D:6      | Killed Grinder
  6017 | D:6      | Gained mutation: You have hidden genetic potential. [potion
                  | of mutation]
  6017 | D:6      | Gained mutation: Your magical capacity is low. (-10% MP)
                  | [potion of mutation]
  6018 | D:6      | Lost mutation: Your magical capacity is low. (-10% MP)
                  | [potion of mutation]
  6018 | D:6      | Lost mutation: You have hidden genetic potential. [potion
                  | of mutation]
  6018 | D:6      | Gained mutation: You passively dampen the noise of your
                  | surroundings. [potion of mutation]
  6429 | D:6      | Found a staircase to the Ecumenical Temple.
  6439 | Temple   | Entered the Ecumenical Temple
  6749 | D:6      | Reached XP level 9. HP: 85/85 MP: 17/17
  6998 | D:7      | Reached ** piety under Qazlal
  7234 | D:7      | Reached skill level 6 in Spellcasting
  7578 | D:7      | Reached skill level 5 in Fighting
  7843 | D:7      | Upgraded the game from 0.28-b1-25-g9875b3fc8c to
                  | 0.28-b1-38-gff268fdeb9
  7931 | D:7      | Learned a level 3 spell: Vampiric Draining
  7966 | D:7      | Identified a scroll of acquirement
  7967 | D:7      | Acquired 721 gold pieces
  8116 | D:7      | Reached skill level 5 in Fire Magic
  8343 | D:7      | Reached *** piety under Qazlal
  8936 | D:8      | Noticed Pikel
  8950 | D:8      | Killed Pikel
  8951 | D:8      | Reached skill level 7 in Spellcasting
  8951 | D:8      | Reached XP level 10. HP: 97/98 MP: 3/20
  9069 | D:8      | Learned a level 5 spell: Agony
  9088 | D:8      | Reached skill level 5 in Invocations
  9485 | D:8      | Found a glowing silver altar of Zin.
 10228 | D:9      | Reached skill level 8 in Spellcasting
 10241 | D:9      | Lost mutation: You passively dampen the noise of your
                  | surroundings. [potion of mutation]
 10241 | D:9      | Gained mutation: You are agile. (Dex +2) [potion of
                  | mutation]
 10241 | D:9      | Gained mutation: You tend to lose your temper in combat.
                  | [potion of mutation]
 10241 | D:9      | Gained mutation: You expend magic power (3 MP) to
                  | strengthen your wands. [potion of mutation]
 10243 | D:9      | Noticed a two-headed ogre
 10623 | D:7      | Killed a two-headed ogre
 10624 | D:7      | Reached skill level 5 in Dodging
 10750 | D:9      | Noticed Maggie
 10755 | D:8      | Killed Maggie
 11018 | D:9      | Found an opulent altar of Gozag.
 11144 | D:9      | Learned a level 4 spell: Animate Armour
 11172 | D:9      | Found a hazy altar of Hepliaklqana.
 11173 | D:9      | Noticed a five-headed hydra
 11179 | D:9      | Killed a five-headed hydra
 11180 | D:9      | Reached skill level 5 in Conjurations
 11180 | D:9      | Reached skill level 5 in Necromancy
 11180 | D:9      | Reached XP level 11. HP: 27/107 MP: 11/23
 11809 | D:9      | Found a glowing golden altar of the Shining One.
 12133 | D:10     | Entered Level 10 of the Dungeon
 12139 | D:10     | Reached skill level 9 in Spellcasting
 12322 | D:9      | Lost mutation: You are agile. (Dex +2) [potion of mutation]
 12322 | D:9      | Lost mutation: You expend magic power (3 MP) to strengthen
                  | your wands. [potion of mutation]
 12322 | D:9      | Gained mutation: Your body sometimes deteriorates upon
                  | taking damage. [potion of mutation]
 12322 | D:9      | Gained mutation: You sometimes lose the ability to read
                  | scrolls when taking damage. [potion of mutation]
 12322 | D:9      | Gained mutation: You have large cloven feet. [potion of
                  | mutation]
 12334 | D:10     | Reached **** piety under Qazlal
 12589 | D:9      | Acquired the ring "Miawalim" {Int+2 Dex+6}
 12667 | D:10     | Found a staircase to the Lair.
 13197 | D:10     | Noticed a wizard
 13201 | D:10     | Killed a wizard
 13269 | D:10     | Noticed a large abomination
 13269 | D:10     | Noticed a large abomination
 13278 | D:10     | Killed a large abomination
 13279 | D:10     | Reached skill level 5 in Earth Magic
 13289 | D:10     | Killed a large abomination
 13958 | D:11     | Noticed a cyclops
 13963 | D:11     | Killed a cyclops
 13964 | D:11     | Reached skill level 10 in Spellcasting
 13964 | D:11     | Upgraded the game from 0.28-b1-38-gff268fdeb9 to
                  | 0.28-b1-78-gc65acfa365
 14084 | D:11     | Noticed a moth of wrath
 14086 | D:11     | Found a bloodstained altar of Trog.
 14306 | D:11     | Reached XP level 12. HP: 111/118 MP: 26/26
 14453 | D:11     | Noticed a two-headed ogre
 14462 | D:11     | Killed a two-headed ogre
 14470 | D:11     | Learned a level 6 spell: Iron Shot
 15374 | Lair:1   | Entered Level 1 of the Lair of Beasts
 15923 | Lair:1   | Reached skill level 11 in Spellcasting
 16639 | Lair:2   | Noticed a seven-headed hydra
 16646 | Lair:2   | Killed a seven-headed hydra
 17101 | Lair:2   | Lost mutation: You have large cloven feet. [potion of
                  | mutation]
 17101 | Lair:2   | Lost mutation: You tend to lose your temper in combat.
                  | [potion of mutation]
 17101 | Lair:2   | Lost mutation: You sometimes lose the ability to read
                  | scrolls when taking damage. [potion of mutation]
 17101 | Lair:2   | Gained mutation: You are partially covered in large bone
                  | plates. (SH +4) [potion of mutation]
 17101 | Lair:2   | Gained mutation: You are dopey. (Int -2) [potion of
                  | mutation]
 17975 | Lair:2   | Found a staircase to the Shoals.
 18026 | Shoals:1 | Entered Level 1 of the Shoals
 18120 | Shoals:1 | Reached XP level 13. HP: 124/124 MP: 24/28
 18146 | Shoals:1 | Noticed a merfolk impaler
 18163 | Shoals:1 | Killed a merfolk impaler
 18164 | Shoals:1 | Reached skill level 12 in Spellcasting
 19194 | Lair:3   | HP: 6/124 [eight-headed hydra (4)]
 19935 | Lair:3   | Found a staircase to the Snake Pit.
 19974 | Lair:3   | Reached skill level 1 in Summonings
 20827 | Lair:3   | Learned a level 5 spell: Fireball
 21045 | Lair:4   | Reached skill level 13 in Spellcasting
 23702 | Shoals:2 | Reached XP level 14. HP: 133/133 MP: 24/31
 24247 | Shoals:2 | Got the Incunabulum of Noxious Curses
 24254 | Shoals:2 | Learned a level 5 spell: Iskenderun's Battlesphere
 24425 | Shoals:2 | HP: 6/135 [something (19)]
 25116 | Shoals:2 | Found a runed translucent door.
 25116 | Shoals:2 | Noticed Heh's ghost (adept DsGl)
 25397 | D:12     | Reached skill level 14 in Spellcasting
 25718 | D:12     | Found a staircase to the Orcish Mines.
 25968 | D:12     | Learned a level 2 spell: Sublimation of Blood
 26286 | D:12     | Learned a level 4 spell: Fulminant Prism
 26308 | D:12     | Noticed Josephine
 26312 | D:12     | Killed Josephine
 26665 | D:12     | Identified the +0 chain mail of Leaves {Str+4}
 26679 | D:12     | Noticed Fannar
 26685 | D:12     | Killed Fannar
 27304 | Orc:1    | Entered Level 1 of the Orcish Mines
 27486 | Orc:2    | Entered Level 2 of the Orcish Mines
 27487 | Orc:2    | Noticed Donald
 27505 | Orc:1    | HP: 2/135 [Donald (15)]
 27505 | Orc:1    | Slain by Donald

Illustrated notes

Levels and vault maps discovered:
D:1:      minmay_arrival_jagged, layout_basic
D:2:      layout_basic
D:3:      layout_basic, mainiacjoe_overflow_24_doors, lemuel_round_altar,
          uniq_terence
D:4:      layout_cave_pools, minmay_shop_damaged, serial_bayou_lagoon_b
D:5:      layout_rooms
D:6:      layout_layer_cave, minmay_temple_entry_glass, minmay_mini_ossuary,
          uniq_sigmund, uniq_grinder
D:7:      lemuel_ratsnest, layout_loops_ring, serial_bayou, serial_bayou_pond_a,
          serial_bayou_crossing, serial_bayou_lake_a, serial_bayou_lagoon_a,
          enter_bailey_3, minmay_misc_feat_chi
D:8:      layout_rooms, zin_academy, patterned_corridor, uniq_pikel
D:9:      layout_irregular_city, old_standard_altar, mainiacjoe_overflow_swirl,
          hangedman_minor_gate_pass, uniq_maggie
D:10:     layout_loops_ring, minmay_lair_entry_grove, minmay_variable_closet,
          laboratory
D:11:     layout_stronghold, tgw_trog
D:12:     layout_roguey, kennysheep_orc_monster_closet_entryway,
          gauntlet_entry_generic, minmay_fire_ice_demons, uniq_fannar,
          uniq_josephine
Temple:   kb_temple_of_zot
Lair:1:   layout_hall_layers, serial_bayou_pond_d, grunt_megastairs_5
Lair:2:   layout_gridlike, elwin_shoals_entry_rooms, serial_rivers,
          chequers_serial_rivers_micro_b, chequers_serial_rivers_micro_d,
          chequers_serial_rivers_micro_e, chequers_serial_rivers_small_b,
          chequers_serial_rivers_small_b, chequers_serial_rivers_large_b
Lair:3:   layout_cave_pods, minmay_snake_entry_guardpost_medium,
          chequers_serial_rivers_micro_a, minivault_19, st_stairs_3,
          grunt_megastairs_2
Lair:4:   layout_roguey, portal_ice_cave_entry_pillars_1, st_stairs_6,
          beast_lair_carwin_10, grunt_megastairs_4
Shoals:1: layout_shoals
Shoals:2: layout_shoals, gammafunk_ghost_grave
Orc:1:    layout_diamond_mine, uniq_snorg, uniq_gastronok
Orc:2:    st_orc_town, layout_caves, basic_altar, nicolae_orc_sculptors_studio,
          lightli_church_of_beogh, uniq_donald, uniq_nessos, uniq_sonja

Skill      XL: |  1  2  3  4  5  6  7  8  9 10 11 12 13 14 |
---------------+-------------------------------------------+-----
Dodging        | 2 3 4 5 6 |  6.6
Fire Magic     | 3 4 5 6 7 8 |  8.5
Conjurations   | 1 2 3 4 5 6 8 |  8.9
Spellcasting   | 3 4 5 7 8 10 11 13 14 | 14.3
Fighting       | 1 2 4 5 6 7 |  7.9
Necromancy     | 1 2 3 5 6 7 |  7.8
Invocations    | 1 2 3 4 5 6 7 8 9 |  9.5
Earth Magic    | 1 2 3 4 5 6 7 8 |  8.0
Summonings     | 1 |  1.2
Staves         | |  0.5
Stealth        | |  1.4

Action                   |  1- 3 |  4- 6 |  7- 9 | 10-12 | 13-15 || total
-------------------------+-------+-------+-------+-------+-------++-------
Melee: Unarmed           |     8 |       |       |       |       ||     8
       Dagger            |   160 |    49 |       |       |       ||   209
       Punch             |     3 |     1 |       |       |       ||     4
       Falchion          |       |    25 |       |       |       ||    25
       Quarterstaff      |       |    70 |   213 |   239 |   132 ||   654
       Kick              |       |       |       |    40 |       ||    40
Throw: Dart              |     6 |     6 |     6 |       |     2 ||    20
 Cast: Foxfire           |    12 |     3 |       |     8 |       ||    23
       Animate Skeleton  |    16 |    10 |    14 |     6 |       ||    46
       Scorch            |     9 |     3 |     6 |    21 |    18 ||    57
       Stone Arrow       |       |     7 |    15 |    39 |    20 ||    81
       Conjure Flame     |       |     3 |     4 |     4 |       ||    11
       Flame Wave        |       |       |     5 |    18 |    14 ||    37
       Vampiric Draining |       |       |     2 |    18 |    10 ||    30
       Agony             |       |       |       |    14 |     7 ||    21
       Animate Armour    |       |       |       |     5 |       ||     5
       Iron Shot         |       |       |       |     9 |    53 ||    62
       Fireball          |       |       |       |       |    34 ||    34
       Iskenderun's Batt |       |       |       |       |     7 ||     7
       Fulminant Prism   |       |       |       |       |     2 ||     2
Invok: Elemental Force   |       |       |       |     3 |     7 ||    10
       Upheaval          |       |       |       |       |    12 ||    12
  Use: Potion            |     1 |     1 |     4 |    11 |     9 ||    26
       Scroll            |     1 |     2 |     6 |     4 |    14 ||    27
 Stab: Sleeping          |     1 |     2 |       |       |       ||     3
       Distracted        |       |       |     1 |       |       ||     1
       Paralysed         |       |       |       |       |     1 ||     1
Armor: Robe              |    63 |    39 |    69 |   142 |    50 ||   363
Dodge: Dodged            |   104 |   124 |   166 |   251 |   120 ||   765
       Repelled          |       |       |       |     2 |     1 ||     3
Block: Other             |       |       |    22 |    83 |    97 ||   202
